 Dungeon Crawl Stone Soup version 0.30-a0-305-g026cb31310 (webtiles) character file.

Game seed: 2177406659241156527

42 GreatBamboolord the Grave Robber (level 3, -3/25 HPs)
             Began as a Demonspawn Necromancer on Oct 21, 2022.
             Slain by Crazy Yiuf
             ... wielding a +2 quarterstaff of chaos
              (10 damage)
             ... on level 2 of the Dungeon.
             The game lasted 00:04:00 (1590 turns).

GreatBamboolord the Grave Robber (DsNe)             Turns: 1590, Time: 00:04:00

Health: -3/25      AC:  2    Str:  8    XL:     3   Next: 33%
Magic:  1/7        EV: 12    Int: 18    God:
Gold:   117        SH:  0    Dex: 13    Spells: 3/7 levels left

rFire   . . .      SeeInvis .    (no weapon)
rCold   . . .      Faith    .    (no shield)
rNeg    . . .      Spirit   .    a - +0 robe
rPois   .          Reflect  .    (no helmet)
rElec   .          Harm     .    (no cloak)
rCorr   .          Rampage  .    (no gloves)
Will    .....                    (no boots)
Stlth   ++........               (no amulet)
HPRegen 0.24/turn                (no ring)
MPRegen 0.10/turn                (no ring)

@: no status effects
A: foul stench 1
a: no special abilities


You were on level 2 of the Dungeon.
You visited 1 branch of the dungeon, and saw 2 of its levels.

You collected 117 gold pieces.

Inventory:

Armour
 a - a +0 robe (worn)
Scrolls
 c - a scroll of enchant weapon {unknown}
 d - 3 scrolls of teleportation {unknown}
 e - a scroll of noise {unknown}
 g - 2 scrolls of identify {unknown}
 j - a scroll of immolation {unknown}
Potions
 b - a potion of magic
 f - a potion of attraction {unknown}
 h - 3 potions of heal wounds {unknown}
 i - a potion of brilliance {unknown}


   Skills:
 * Level 0.6 Fighting
 * Level 2.0 Dodging
 + Level 1.8 Stealth
 * Level 2.7 Spellcasting
 * Level 4.9 Necromancy


You had 3 spell levels left.
You knew the following spells:

 Your Spells              Type           Power      Damage    Failure   Level
a - Necrotise             Necr           80%        1d8       2%          1
b - Vampiric Draining     Necr           20%        2d7       7%          3

Your spell library contained the following spells:

 Spells                   Type           Power      Damage    Failure   Level
 Animate Dead             Necr           20%        N/A       22%         4
 Agony                    Necr           20%        N/A       52%         5
 Yara's Violent Unravell  Hex/Tmut       1%         3d3       99%         5
 Enfeeble                 Hex            1%         N/A       100%        7


Dungeon Overview and Level Annotations

Branches:
Dungeon (2/15)

Altars:

Annotations:
D:2 Crazy Yiuf


Innate Abilities, Weirdness & Mutations

You may rarely emit foul miasma when damaged in melee.


Message History

Found a faded altar of an unknown god.
There is a stone staircase leading down here.
h - 3 sedimented amethyst potions (gained 1) As you open the door, it creaks loudly!
There is an open door here.
There is an open door here.
Found a hammer.
You see here a +0 hammer.
Found two hammers.
Found a runed translucent door.
Crazy Yiuf shouts!
Crazy Yiuf yells, "Cod hand testudinal!"
Found a hammer.
You see here a +0 hammer.
Search for what [? for help]? armour You open the door.
Aiming: Necrotise (safe; 2% risk of failure)
Press: ? - help, Q - select action Shift-Dir - straight line, f - Crazy Yiuf
Aim: Crazy Yiuf, wielding a +2 quarterstaff of chaos and wearing a +0 cloak (chance to affect: 84%) Crazy Yiuf writhes in agony.
Crazy Yiuf closely misses you.
Aiming: Necrotise (safe; 2% risk of failure)
Press: ? - help, Q - select action Shift-Dir - straight line, f/p - Crazy Yiuf
Aim: Crazy Yiuf, wielding a +2 quarterstaff of chaos and wearing a +0 cloak (lightly wounded, chance to affect: 84%) Crazy Yiuf writhes in agony!
Crazy Yiuf hits you with a +2 quarterstaff of chaos!
Aiming: Necrotise (safe; 2% risk of failure)
Press: ? - help, Q - select action Shift-Dir - straight line, f/p - Crazy Yiuf
Aim: Crazy Yiuf, wielding a +2 quarterstaff of chaos and wearing a +0 cloak (heavily wounded, chance to affect: 84%) Crazy Yiuf writhes in agony.
Crazy Yiuf closely misses you.
Aiming: Necrotise (safe; 2% risk of failure)
Press: ? - help, Q - select action Shift-Dir - straight line, f/p - Crazy Yiuf
Aim: Crazy Yiuf, wielding a +2 quarterstaff of chaos and wearing a +0 cloak (heavily wounded, chance to affect: 84%) Crazy Yiuf writhes in agony!
Crazy Yiuf hits you with a +2 quarterstaff of chaos!
* * * LOW HITPOINT WARNING * * *
You feel your power leaking away. Crazy Yiuf attacks as you move away!
Crazy Yiuf hits you with a +2 quarterstaff of chaos!
You die...

###### .....# .....#
###♣♣♣♣♣
.....####....♣.♣♣♣ ###
.......#...PP)♣.@♣#)..#
#.####.....P.♣♣♣♣g'...#
#.# ###...P♣♣ ♣♣#..)#
#.## ####♣♣ ### #..#
### ##.## ##.#
....###..########
.#.............>.
.##...<..........


You could see Crazy Yiuf.

Vanquished Creatures
  2 worms (D:1)
  2 dart slugs (D:1)
  5 ball pythons
  2 endoplasms
  3 goblins
  4 hobgoblins (D:1)
  2 jackals (D:2)
  3 bats (D:1)
  2 frilled lizards
  2 kobolds
  2 rats (D:2)
29 creatures vanquished.

Vanquished Creatures (collateral kills)
  A hobgoblin (D:2)
  A frilled lizard (D:2)
2 creatures vanquished.

Grand Total: 31 creatures vanquished

Notes
Turn   | Place    | Note
-------+----------+-------------------------------------------
     0 | D:1      | GreatBamboolord the Demonspawn Necromancer began the quest
                  | for the Orb.
     0 | D:1      | Reached XP level 1. HP: 13/13 MP: 3/3
   133 | D:1      | Gained mutation: You may rarely emit foul miasma when
                  | damaged in melee. [demonic ancestry]
   133 | D:1      | Reached XP level 2. HP: 19/19 MP: 0/5
  1035 | D:2      | Reached XP level 3. HP: 22/25 MP: 0/6
  1125 | D:1      | Learned a level 3 spell: Vampiric Draining
  1526 | D:2      | Found a faded altar of an unknown god.
  1580 | D:2      | Found a runed translucent door.
  1581 | D:2      | Noticed Crazy Yiuf
  1590 | D:2      | Slain by Crazy Yiuf

Illustrated notes

Levels and vault maps discovered:
D:1:      wander_arrival_chamber, layout_loops_cross
D:2:      layout_rooms, dreamdust_ecumenical_altar_angels_and_demons,
          uniq_crazy_yiuf_cottage

Skill      XL: |  1  2 |
---------------+-------+-----
Dodging        | 2 |  2.0
Fighting       | |  0.6
Stealth        | |  1.8
Spellcasting   | |  2.7
Necromancy     | |  4.9

Action                   || total
-------------------------++-------
Melee: Unarmed           ||    37
 Cast: Necrotise         ||    63
 Stab: Distracted        ||     2
Armor: Robe              ||     5
Dodge: Dodged            ||    27

Table legend: (Time is in decaauts)
 A = Elapsed time spent in this place.
 B = Non-inter-level travel time spent in this place.
 C = Inter-level travel time spent in this place.
 D = Time resting spent in this place.
 E = Time spent auto-exploring this place.
 F = Levels seen in this place.
 G = Mean time per level.
                   A        B        C        D        E       F      G
               +--------+--------+--------+--------+--------+-----+--------+
         Total |   1591 |   1563 |     28 |    106 |   1145 |   2 |  795.5 |
       Dungeon |   1591 |   1563 |     28 |    106 |   1145 |   2 |  795.5 |
               +--------+--------+--------+--------+--------+-----+--------+

Top non-repeatable levels by time:
     D:1: 1162 daAuts
     D:2: 429 daAuts
